 Dungeon Crawl Stone Soup version 0.20-a0-1122-gb7cbeb9 (webtiles) character file.

4334 wolfsongas the Cleaver (level 10, -1/83 HPs)
             Began as a Demonspawn Fighter on May 15, 2017.
             Was a Priest of Okawaru.
             Slain by Gastronok (7 damage)
             ... on level 9 of the Dungeon.
             The game lasted 00:20:47 (8037 turns).

wolfsongas the Cleaver (Demonspawn Fighter)         Turns: 8037, Time: 00:20:48

Health: -1/83      AC: 11    Str: 18    XL:     10   Next: 12%
Magic:  0/10       EV: 11    Int: 12    God:    Okawaru [***...]
Gold:   132        SH:  0    Dex: 21    Spells: 8/9 levels left

rFire    + + .     SeeInvis .   l - +8 great mace "Imp's Demise" {freeze, Int+3 Dex+6 Stlth-}
rCold    . . .     Gourm    .   (shield currently unavailable)
rNeg     . . .     Faith    .   b - +0 scale mail
rPois    .         Spirit   +   p - +2 hat
rElec    .         Reflect  .   (no cloak)
rCorr    .         Harm     .   (no gloves)
MR       .....                  (no boots)
Stlth    ..........             e - amulet of magic regeneration
Regen    0.3/turn               n - ring of protection from fire
MPRegen  0.3/turn               j - ring of flight

@: slowed, very slow
A: horns 1, thin metallic scales 2, fire resistance 1, robust 1, magic shield,
magic regeneration
a: Heroism, Renounce Religion, Evoke Flight


You were on level 9 of the Dungeon.
You worshipped Okawaru.
Okawaru was most pleased with you.
You were completely stuffed.

You visited 2 branches of the dungeon, and saw 10 of its levels.

You collected 454 gold pieces.
You spent 322 gold pieces at shops.

Inventory:

Hand Weapons
 a - a +1 war axe
 l - the +8 great mace "Imp's Demise" (weapon) {freeze, Int+3 Dex+6 Stlth-}
   (You bought it in a shop on level 7 of the Dungeon)

   It has been specially enchanted to freeze those struck by it, causing extra
   injury to most foes and up to half again as much damage against particularly
   susceptible opponents.
   It can also slow down cold-blooded creatures.
   It affects your intelligence (+3).
   It affects your dexterity (+6).
   It makes you less stealthy.
 m - a +0 battleaxe
Missiles
 q - a throwing net (quivered)
Armour
 b - a +0 scale mail (worn)
 c - a +1 shield
 p - a +2 hat (worn)
Jewellery
 e - an amulet of magic regeneration (around neck)
 j - a ring of flight (right hand)
 n - a ring of protection from fire (left hand)
Wands
 s - a wand of flame (29/48)
Scrolls
 d - 2 scrolls of teleportation
 h - 4 scrolls of remove curse
Potions
 i - a potion of flight
 r - a potion of berserk rage
Comestibles
 f - 11 bread rations
 o - 2 meat rations


   Skills:
 + Level 6.1 Fighting
 - Level 10.4(11.1) Axes
 * Level 6.6(9.4) Maces & Flails
 - Level 2.6 Armour
 - Level 2.0 Dodging
 - Level 1.3 Stealth
 - Level 2.6 Shields


You had 8 spell levels left.
You knew the following spells:

 Your Spells              Type           Power        Failure   Level  Hunger
a - Beastly Appendage     Tmut           #.....       71%         1    ##.....


Dungeon Overview and Level Annotations

Branches:
Dungeon (9/15)             Temple (1/1) D:4
   Lair: D:8-11         Orc: D:9-12

Altars:
Ashenzari
Cheibriados
Dithmenos
Elyvilon
Fedhas
Gozag
Hepliaklqana
Kikubaaqudgha
Makhleb
Nemelex Xobeh
Okawaru
Qazlal
Ru
Sif Muna
Trog
Uskayaw
Vehumet
Wu Jian
Xom
Yredelemnul
Zin
The Shining One

Shops:
D:7 (

Annotations:
D:9 Gastronok


Innate Abilities, Weirdness & Mutations

You are mostly covered in thin metallic scales. (AC +3)
When hurt, damage is shared between your health and your magic reserves.
You regenerate magic rapidly.
You have a pair of small horns on your head.
Your flesh is heat resistant. (rF+)
You are robust. (+10% HP)


Message History

The bat barely misses you. Gastronok barely misses you.
You hit Gastronok. You freeze Gastronok.
Gastronok is heavily wounded.
The bat barely misses you. Gastronok bites you!!
* * * LOW HITPOINT WARNING * * *
You bludgeon Gastronok!! You freeze Gastronok!
Gastronok is severely wounded.
The bat hits you but does no damage. The bat barely misses you.
The bat hits you but does no damage.
Gastronok's eyestalks quiver as he mumbles some strange words.
You sock Gastronok! You freeze Gastronok. You headbutt Gastronok.
Gastronok is almost dead.
The bat hits you but does no damage. x3; Gastronok bites you!!
* * * LOW HITPOINT WARNING * * *
You sock Gastronok! You freeze Gastronok.
Gastronok is almost dead.
The bat hits you but does no damage. The bat closely misses you.
Gastronok is buffeted by a sudden breeze.
Gastronok bites you!
You die...

....# #......# ....#
#......# ...#
#......## #..#
#.......# ..#
#.......# #.# #
+.......# #.#
#.###.......######..
#rw@...!# # #...####
#.b###..#.# #...'...
#.b #....# #...####
#.. #.##...#...# #..
##.######...# #..
#...........### #..
########......# #..
#......# #......#


You could see Gastronok, a quokka and 2 bats.

Vanquished Creatures
  2 two-headed ogres (D:8)
  A spriggan (D:7)
  A hungry ghost (D:9)
  An orc warrior (D:7)
  An ice beast (D:6)
  A phantom (D:4)
  3 black bears
  2 ogres
  3 centaurs
  A big kobold (D:8)
  3 bullfrogs
  5 killer bees (D:9)
  4 wights (D:7)
  3 howler monkeys
  3 crimson imps
  3 hounds
  3 jellies (D:3)
  6 orc priests
  A centaur skeleton (D:8)
  An iron imp (D:8)
  3 orc wizards
  2 iguanas
  2 worker ants
  2 hound skeletons
  7 adders
  7 gnolls
  3 shadow imps
  7 oozes (D:3)
  An adder skeleton (D:4)
  An adder zombie (D:5)
  3 worms
  4 dart slugs
  5 leopard geckos
  22 orcs
  2 ball pythons
  9 bats
  5 giant cockroaches
  4 goblins
  4 hobgoblins
  18 jackals
  18 kobolds
  4 quokkas
  6 frilled lizards
  A leopard gecko skeleton (D:8)
  A leopard gecko zombie (D:7)
  A quokka zombie (D:5)
  3 rats (D:1)
  9 fungi (D:3)
202 creatures vanquished.

Vanquished Creatures (others)
  A fungus (D:3)
  6 toadstools (D:3)
7 creatures vanquished.

Grand Total: 209 creatures vanquished

Notes
Turn   | Place    | Note
-------+----------+-------------------------------------------
     0 | D:1      | wolfsongas the Demonspawn Fighter began the quest for the Orb.
     0 | D:1      | Reached XP level 1. HP: 18/18 MP: 1/1
   103 | D:1      | Reached skill level 2 in Axes
   211 | D:1      | Gained mutation: You are partially covered in thin metallic scales. (AC +2) [demonic ancestry]
   211 | D:1      | Reached XP level 2. HP: 24/24 MP: 2/2
   675 | D:1      | Reached skill level 3 in Axes
  1007 | D:2      | Reached XP level 3. HP: 29/29 MP: 3/3
  1032 | D:2      | Found a hide-covered altar of Uskayaw.
  1154 | D:2      | Gained mutation: You are somewhat resistant to further mutation. [potion of mutation]
  1154 | D:2      | Gained mutation: You are resistant to hostile enchantments. (MR+) [potion of mutation]
  1477 | D:3      | Reached skill level 4 in Axes
  1477 | D:3      | Reached XP level 4. HP: 31/35 MP: 4/4
  1892 | D:3      | Gained mutation: When hurt, damage is shared between your health and your magic reserves. [demonic ancestry]
  1892 | D:3      | Reached XP level 5. HP: 33/41 MP: 5/5
  1930 | D:3      | Reached skill level 1 in Dodging
  1932 | D:3      | Reached skill level 5 in Axes
  2454 | D:3      | Reached XP level 6. HP: 47/47 MP: 6/6
  2461 | D:3      | Found an opulent altar of Gozag.
  2830 | D:4      | Reached skill level 6 in Axes
  3056 | D:4      | Reached skill level 1 in Stealth
  3071 | D:4      | Found a shadowy altar of Dithmenos.
  3136 | D:4      | Gained mutation: You regenerate magic rapidly. [demonic ancestry]
  3136 | D:4      | Reached XP level 7. HP: 20/52 MP: 5/7
  3370 | D:4      | Found a radiant altar of Vehumet.
  3528 | D:4      | Found a staircase to the Ecumenical Temple.
  3549 | Temple   | Entered the Ecumenical Temple
  3608 | Temple   | Became a worshipper of Warmaster Okawaru
  3699 | D:5      | Entered Level 5 of the Dungeon
  3720 | D:5      | Reached skill level 7 in Axes
  4750 | D:6      | Lost mutation: You are somewhat resistant to further mutation. [potion of mutation]
  4750 | D:6      | Lost mutation: You are resistant to hostile enchantments. (MR+) [potion of mutation]
  4750 | D:6      | Gained mutation: You occasionally shout uncontrollably at your foes. [potion of mutation]
  4750 | D:6      | Gained mutation: You have a pair of small horns on your head. [potion of mutation]
  4751 | D:6      | Lost mutation: You occasionally shout uncontrollably at your foes. [potion of mutation]
  4751 | D:6      | Gained mutation: Your flesh is heat resistant. (rF+) [potion of mutation]
  4751 | D:6      | Gained mutation: You are robust. (+10% HP) [potion of mutation]
  4789 | D:6      | Reached skill level 8 in Axes
  4792 | D:6      | Reached XP level 8. HP: 55/63 MP: 5/8
  4810 | D:6      | Reached * piety under Okawaru
  5096 | D:6      | Found a snail-covered altar of Cheibriados.
  5108 | D:6      | Reached skill level 9 in Axes
  5469 | D:7      | Found a basalt altar of Yredelemnul.
  5473 | D:7      | Found a sparkling altar of Nemelex Xobeh.
  5489 | D:7      | Found a shadowy altar of Dithmenos.
  5490 | D:7      | Found an ancient bone altar of Kikubaaqudgha.
  5490 | D:7      | Found a glowing silver altar of Zin.
  5490 | D:7      | Found a shattered altar of Ashenzari.
  5491 | D:7      | Found a hazy altar of Hepliaklqana.
  5500 | D:7      | Learned a level 1 spell: Beastly Appendage
  5505 | D:7      | Found a sacrificial altar of Ru.
  5614 | D:7      | Reached skill level 10 in Axes
  5731 | D:7      | Found a bloodstained altar of Trog.
  6173 | D:7      | Found Ijeafuoh's Antique Weapon Boutique.
  6177 | D:7      | Bought a scorched great mace for 322 gold pieces
  6177 | D:7      | Identified the +8 great mace "Imp's Demise" {freeze, Int+3 Dex+6 Stlth-} (You bought it in a shop on level 7 of the Dungeon)
  6296 | D:7      | Reached ** piety under Okawaru
  6296 | D:7      | Reached skill level 1 in Maces & Flails
  6296 | D:7      | Reached XP level 9. HP: 68/70 MP: 9/9
  6354 | D:8      | Noticed a two-headed ogre
  6361 | D:8      | Killed a two-headed ogre
  6399 | D:8      | Found a snail-covered altar of Cheibriados.
  7027 | D:8      | Noticed a two-headed ogre
  7034 | D:8      | Killed a two-headed ogre
  7034 | D:8      | Reached *** piety under Okawaru
  7034 | D:8      | Reached skill level 5 in Fighting
  7034 | D:8      | Reached skill level 5 in Maces & Flails
  7559 | D:8      | Gained mutation: You are mostly covered in thin metallic scales. (AC +3) [demonic ancestry]
  7559 | D:8      | Reached XP level 10. HP: 79/83 MP: 8/10
  7651 | D:9      | Got a crystal spear
  7652 | D:9      | Identified the +5 spear of Deckig {flame, MR+} (You found it on level 9 of the Dungeon)
  8020 | D:9      | Noticed Gastronok
  8037 | D:9      | Slain by Gastronok

Vault maps used:
D:1:      evilmike_arrival_crescent
D:2:      eat_drink_and_be_merry_uskayaw, first_bread
D:3:      cheibrodos_fertilizer, lemuel_coloured_pillars_altar
D:4:      vehumet_altar_wand_db, minmay_temple_entry_large_hall,
          grunt_dithmenos_shadows
D:5:      roderic_st_hans_cross
D:6:      marbit_many_paths
D:7:      lemuel_crystal_altar, minitemple, serial_shops, shop, the_bakery,
          grunt_decor_one_mirror
D:8:      chei_slow_surprise
D:9:      david_lair_shrubbed, serial_shops, nicolae_shop_trees,
          nicolae_ashenzari_panopticon, uniq_prince_ribbit1, uniq_joseph,
          uniq_gastronok, uniq_maurice
Temple:   dpeg_three_leaves_temple

Skill      XL: |  1  2  3  4  5  6  7  8  9 10 |
---------------+-------------------------------+-----
Axes           | 2 3 4 5 6 8 10 | 10.4
Dodging        | 1 2 |  2.0
Stealth        | 1 |  1.3
Maces & Flails | 1 6 |  6.6
Fighting       | 5 6 |  6.1
Armour         | |  2.6
Shields        | |  2.6

Action                   |  1- 3 |  4- 6 |  7- 9 | 10-12 || total
-------------------------+-------+-------+-------+-------++-------
Melee: War axe           |   104 |   201 |   225 |       ||   530
       Headbutt          |       |       |    35 |     5 ||    40
       Battleaxe         |       |       |    29 |       ||    29
       Great mace        |       |       |    68 |    27 ||    95
Invok: Heroism           |       |       |     4 |       ||     4
  Use: Scroll            |     4 |     5 |     6 |     1 ||    16
       Potion            |     6 |     3 |     7 |     1 ||    17
  Eat: Chunk             |     2 |       |    10 |       ||    12
       Fruit             |       |     2 |     3 |     1 ||     6
       Meat ration       |       |     1 |       |     2 ||     3
       Royal jelly       |       |       |     3 |       ||     3
Armor: Scale mail        |    72 |    50 |   120 |    23 ||   265
Dodge: Dodged            |    32 |    33 |   145 |    21 ||   231
Block: Shield            |    74 |    83 |   127 |       ||   284
